 Dungeon Crawl Stone Soup version 0.20.1-1-g8b1a95d (webtiles) character file.

4690 kae the Basher (level 10, -6/65 HPs)
             Began as a Gargoyle Berserker on Sept 16, 2017.
             Was an Elder of Trog.
             Mangled by an orc warrior
             ... wielding a +0 halberd
              (20 damage)
             ... on level 8 of the Dungeon.
             The game lasted 00:09:11 (7183 turns).

kae the Basher (Gargoyle Berserker)                 Turns: 7183, Time: 00:09:12

Health: -6/65      AC: 12    Str: 25    XL:     10   Next: 44%
Magic:  10/10      EV: 12    Int:  7    God:    Trog [****..]
Gold:   737        SH:  0    Dex:  9    Spells: 9/9 levels left

rFire    . . .     SeeInvis .   a - +0 mace
rCold    . . .     Gourm    .   (no shield)
rNeg     + . .     Faith    .   b - +1 animal skin
rPois    ∞         Spirit   .   (no helmet)
rElec    +         Reflect  .   n - +0 cloak
rCorr    .         Harm     .   (no gloves)
MR       .....                  (no boots)
Stlth    +.........             (no amulet)
Regen    0.2/turn               (no ring)
MPRegen  0.2/turn               (no ring)

@: berserk cooldown, slowed, very slow
A: negative energy resistance 1, electricity resistance, unbreathing,
petrification resistance, rot immunity, AC +7
a: Berserk, Trog's Hand, Brothers in Arms, Burn Spellbooks, Renounce Religion


You were on level 8 of the Dungeon.
You worshipped Trog.
Trog was greatly pleased with you.
You were very hungry.

You visited 1 branch of the dungeon, and saw 8 of its levels.
You also visited: Ossuary.

You collected 737 gold pieces.

Inventory:

Hand Weapons
 a - a +0 mace (weapon)
Armour
 b - a +1 animal skin (worn)
 n - a +0 cloak (worn)
Jewellery
 w - an uncursed ring of stealth {unknown}
Wands
 v - a wand of polymorph (13/24)
 C - a wand of flame (37/48)
Scrolls
 g - 2 scrolls of amnesia
 k - 3 scrolls of remove curse
 o - 3 scrolls of teleportation
 s - 7 scrolls of identify
 t - 3 scrolls of enchant armour
 u - 2 scrolls of blinking
 x - a scroll of magic mapping {unknown}
 y - 2 scrolls of enchant weapon {unknown}
 A - a scroll of immolation {unknown}
Potions
 d - 3 potions of brilliance {unknown}
 e - 2 potions of heal wounds {unknown}
 f - 4 potions of curing
 h - a potion of cancellation {unknown}
 i - a potion of agility {unknown}
 j - 3 potions of flight {unknown}
 l - a potion of invisibility {unknown}
 p - 2 potions of berserk rage {unknown}
 z - a potion of might
 B - a potion of mutation {unknown}
 E - a potion of degeneration {unknown}
 F - 2 potions of magic {unknown}
Comestibles
 c - 13 bread rations
 m - 2 meat rations
 q - a royal jelly
 r - 2 fruits


   Skills:
 + Level 8.7 Fighting
 * Level 11.1 Maces & Flails
 + Level 8.5 Armour
 - Level 1.5 Dodging


You had 9 spell levels left.
You didn't know any spells.

Dungeon Overview and Level Annotations

Branches:
Dungeon (8/15)             Temple (0/1) D:6
   Lair: D:8-11

Altars:
Dithmenos
Gozag
Makhleb
Uskayaw
The Shining One

Shops:
D:4 :

Annotations:
D:8 Prince Ribbit


Innate Abilities, Weirdness & Mutations

You are resistant to torment.
Your stone body is resilient. (AC +7)
You are immune to poison.
You resist negative energy. (rN+)
You are resistant to electric shocks. (rElec)
You can survive without breathing.
You are immune to petrification.
You are immune to rotting.


Message History

You closely miss the orc warrior.
The orc warrior is heavily wounded.
Your skin stops crawling.
You feel less resistant to hostile enchantments.
You closely miss the orc warrior.
The orc warrior is heavily wounded.
The orc wizard hits you but does no damage.
The orc hits you but does no damage.
The orc warrior hits you with a halberd.
* * * LOW HITPOINT WARNING * * *
You sock the orc warrior!
The orc warrior is almost dead.
You hit the orc warrior but do no damage.
The orc warrior is almost dead.
You are no longer berserk.
You are exhausted.
You feel yourself slow down. The orc wizard barely misses you.
The orc hits you but does no damage.
The orc warrior hits you with a halberd!!
You die...

######.#####
#..........##
#...........# ######
#...........# .....#
#...........# .....#
###...........# ...$.#
..............# .....#
..............###o....##
.......<.####...@o......
.........# #####o....##
.........# .....#
.........# .....#
.........# .....#
......)..# .....#
.........# ######
.........# .........#


You could see an orc warrior, an orc wizard and an orc.

Vanquished Creatures
  The ghost of Thaneod the Fighter, a novice MiFi of the Shining One (D:6)
  The ghost of Frank the Sneak, a novice OpFi of Dithmenos (D:5)
  A spriggan (D:7)
  Sigmund (D:2)
  A wyvern (D:8)
  A water moccasin (D:6)
  2 ice beasts
  4 orc warriors
  A black bear (D:7)
  4 phantoms
  A necrophage (D:8)
  5 ogres
  3 centaurs
  A big kobold (D:8)
  3 bullfrogs
  A water moccasin zombie (D:7)
  4 scorpions
  3 killer bees (D:8)
  A howler monkey (D:6)
  2 crimson imps (D:5)
  2 centaur skeletons
  A hound (D:4)
  Crazy Yiuf (D:2)
  2 orc wizards
  A bullfrog skeleton (D:4)
  3 orc priests
  A human zombie (Ossuary)
  3 iguanas
  7 worker ants
  A big kobold zombie (Ossuary)
  A hound zombie (D:7)
  A hound skeleton (D:5)
  2 mummies (Ossuary)
  A howler monkey zombie (D:8)
  2 worker ant zombies
  Robin (D:2)
  A howler monkey skeleton (D:6)
  8 adders
  A shadow imp (D:5)
  A white imp (D:5)
  2 oozes
  An adder skeleton (D:7)
  3 worms
  4 leopard geckos
  28 orcs
  A ball python (D:1)
  2 giant cockroaches
  3 gnoll zombies (Ossuary)
  9 hobgoblins
  5 jackals
  5 quokkas
  8 bats
  11 frilled lizards
  14 goblins
  A goblin skeleton (D:5)
  5 goblin zombies
  6 hobgoblin zombies
  7 kobolds
  A kobold skeleton (D:5)
  2 kobold zombies (D:5)
  3 orc zombies
  5 rats
208 creatures vanquished.

Notes
Turn   | Place    | Note
-------+----------+-------------------------------------------
     0 | D:1      | kae the Gargoyle Berserker began the quest for the Orb.
     0 | D:1      | Reached XP level 1. HP: 14/14 MP: 1/1
   208 | D:1      | Reached XP level 2. HP: 19/19 MP: 2/2
   340 | D:1      | Reached ** piety under Trog
   545 | D:1      | Reached XP level 3. HP: 24/24 MP: 3/3
   960 | D:2      | Reached skill level 4 in Maces & Flails
   960 | D:2      | Reached XP level 4. HP: 27/29 MP: 4/4
   976 | D:2      | Noticed Robin
  1014 | D:2      | Killed Robin
  1200 | D:2      | Found a runed door.
  1361 | D:2      | Noticed Sigmund
  1373 | D:2      | Killed Sigmund
  1373 | D:2      | Reached skill level 5 in Maces & Flails
  1373 | D:2      | Reached XP level 5. HP: 34/34 MP: 5/5
  1373 | D:2      | Reached XP level 6. HP: 39/39 MP: 6/6
  1563 | D:2      | Noticed Crazy Yiuf
  1568 | D:2      | Killed Crazy Yiuf
  1733 | D:3      | You fall through a shaft!
  1772 | D:4      | Reached *** piety under Trog
  1813 | D:4      | Reached skill level 5 in Fighting
  1813 | D:4      | Reached XP level 7. HP: 36/44 MP: 7/7
  1896 | D:4      | Found Jocugg's Book Shoppe.
  2318 | D:4      | Reached skill level 6 in Maces & Flails
  2788 | D:5      | Entered Level 5 of the Dungeon
  2907 | D:5      | Reached skill level 5 in Armour
  3062 | D:5      | Found a burning altar of Makhleb.
  3143 | D:5      | Reached XP level 8. HP: 39/51 MP: 8/8
  3214 | D:5      | Reached skill level 7 in Maces & Flails
  3727 | D:5      | Found a glowing golden altar of the Shining One.
  3942 | D:5      | Noticed Frank's ghost (novice OpFi)
  3951 | D:5      | Killed Frank's ghost
  3951 | D:5      | Reached skill level 8 in Maces & Flails
  4063 | D:5      | Reached **** piety under Trog
  4352 | D:6      | Reached XP level 9. HP: 56/56 MP: 9/9
  4411 | D:6      | Found a staircase to the Ecumenical Temple.
  4453 | D:6      | Found an opulent altar of Gozag.
  4559 | D:6      | Found a sand-covered staircase.
  4559 | D:6      | Noticed Thaneod's ghost (novice MiFi)
  4578 | D:6      | Killed Thaneod's ghost
  4578 | D:6      | Reached skill level 9 in Maces & Flails
  4601 | Ossuary  | Entered an ossuary
  5443 | D:7      | Reached skill level 10 in Maces & Flails
  5753 | D:7      | Reached XP level 10. HP: 54/64 MP: 10/10
  6193 | D:7      | Found a shadowy altar of Dithmenos.
  6236 | D:7      | Found a hide-covered altar of Uskayaw.
  6842 | D:8      | Reached skill level 11 in Maces & Flails
  7085 | D:8      | Noticed Prince Ribbit
  7183 | D:8      | Mangled by an orc warrior

Skill      XL: |  1  2  3  4  5  6  7  8  9 10 |
---------------+-------------------------------+-----
Maces & Flails | 4 5 6 8 10 11 | 11.1
Fighting       | 4 5 6 8 |  8.7
Armour         | 3 4 5 6 7 8 |  8.5
Dodging        | |  1.5

Action                   |  1- 3 |  4- 6 |  7- 9 | 10-12 || total
-------------------------+-------+-------+-------+-------++-------
Melee: Mace              |   118 |    95 |   537 |   215 ||   965
Invok: Berserk           |     1 |     4 |     8 |     5 ||    18
       Trog's Hand       |       |       |       |     2 ||     2
  Use: Scroll            |     3 |       |     5 |       ||     8
       Potion            |       |       |     1 |       ||     1
 Stab: Distracted        |       |       |     1 |       ||     1
  Eat: Chunk             |     1 |     3 |    20 |     9 ||    33
       Meat ration       |       |     1 |       |       ||     1
       Fruit             |       |       |       |     1 ||     1
Armor: Animal skin       |    38 |    24 |   210 |    93 ||   365
Dodge: Dodged            |    86 |    68 |   339 |   125 ||   618
